IL
RENO ACES @ EL PASO CHIHUAHUAS
09/07/2048
 
TOP OF THE 1ST
Reno Aces batting - Pitching for El Paso Chihuahuas : RHP Jorge Guerrero
Pitching: RHP Jorge Guerrero
Batting: SHB Carlos Rodriguez 0-0: Ball
1-0: Ball
2-0: Ball
3-0: Base on Balls
Batting: LHB Ian Jarvis 0-0: Ball
Carlos Rodriguez steals 2nd base
1-0: Ball
2-0: Called Strike
2-1: Called Strike
2-2: Ball
3-2: Strikes out swinging
Batting: LHB Rich Butler 0-0: Ball
Carlos Rodriguez steals 3rd, throwing error, E2
Carlos Rodriguez scores
1-0: Ground out 6-3 (Groundball, 6S, EV 81.2 MPH)
Batting: RHB Enrique Juarez 0-0: Foul Ball, location: 2F
0-1: Foul Ball, location: 2F
0-2: Ground out 4-3 (Groundball, 4M, EV 105.0 MPH)
Top of the 1st over - 1 run, 0 hits, 1 error, 0 left on base; Reno 1 - El Paso 0
BOTTOM OF THE 1ST
El Paso Chihuahuas batting - Pitching for Reno Aces : RHP Jeff Whaley
Pitching: RHP Jeff Whaley
Batting: LHB Angel Mejia 0-0: Ball
1-0: Ball
2-0: Called Strike
2-1: Swinging Strike
2-2: Ground out 4-3 (Groundball, 4, EV 84.4 MPH)
Batting: LHB Anthony Mosley 0-0: Ball
1-0: SINGLE (Line Drive, 4M, EV 95.6 MPH)
Batting: RHB Eric Sandell 0-0: Called Strike
0-1: Ball
1-1: Ball
Anthony Mosley is caught stealing 2nd base 2-4
2-1: Foul Ball, location: 2F
2-2: Foul Ball, location: 2F
2-2: Foul Ball, location: 2F
2-2: Ground out 6-3 (Groundball, 6, EV 104.4 MPH)
Bottom of the 1st over - 0 runs, 1 hit, 0 errors, 0 left on base; Reno 1 - El Paso 0
TOP OF THE 2ND
Reno Aces batting - Pitching for El Paso Chihuahuas : RHP Jorge Guerrero
Batting: LHB Steve Reinhart 0-0: Ball
1-0: Ball
2-0: Called Strike
2-1: Foul Ball, location: 2F
2-2: SINGLE (Groundball, 4MS, EV 68.8 MPH) (infield hit)
Batting: LHB Kevin Ferguson 0-0: Ball
Steve Reinhart steals 2nd base
1-0: Fly out, F8 (Flyball, 8LD, EV 91.2 MPH)
Batting: RHB Dustin Clark 0-0: Ground out 4-3 (Groundball, 4MS, EV 95.0 MPH)
Steve Reinhart to third
Batting: RHB Danny Gerardo 0-0: Foul Ball, location: 2F
0-1: Ball
1-1: Ground out 3-1 (Groundball, 34, EV 84.4 MPH)
Top of the 2nd over - 0 runs, 1 hit, 0 errors, 1 left on base; Reno 1 - El Paso 0
BOTTOM OF THE 2ND
El Paso Chihuahuas batting - Pitching for Reno Aces : RHP Jeff Whaley
Batting: SHB Adam Martin 0-0: Ground out 1-3 (Groundball, 13, EV 70.0 MPH)
Batting: RHB Chase Briney 0-0: Ball
1-0: SINGLE (Groundball, 6M, EV 104.4 MPH) (infield hit)
Batting: RHB Andy Sheridan 0-0: Called Strike
0-1: Foul Ball, location: 2F
0-2: Grounds into double play, 4-6-3 (Groundball, 4D, EV 78.1 MPH)
Bottom of the 2nd over - 0 runs, 1 hit, 0 errors, 0 left on base; Reno 1 - El Paso 0
TOP OF THE 3RD
Reno Aces batting - Pitching for El Paso Chihuahuas : RHP Jorge Guerrero
Batting: RHB Justin Aslinger 0-0: Ball
1-0: Ball
2-0: Swinging Strike
2-1: Ball
3-1: Foul Ball, location: 2F
3-2: Foul Ball, location: 2F
3-2: Base on Balls
Batting: SHB Carlos Rodriguez 0-0: Fly out, F8 (Flyball, 8RM, EV 77.5 MPH)
Batting: LHB Ian Jarvis 0-0: Ball
1-0: Called Strike
1-1: Swinging Strike
1-2: DOUBLE (Flyball, 9D, EV 103.8 MPH)
Justin Aslinger to third
Batting: LHB Rich Butler 0-0: Fly out, F7 (Flyball, 7LS, EV 88.1 MPH)
Batting: RHB Enrique Juarez 0-0: Hit by Pitch
Batting: LHB Steve Reinhart 0-0: Ball
1-0: Ball
2-0: Swinging Strike
2-1: Called Strike
2-2: Foul Ball, location: 2F
2-2: Foul Ball, location: 2F
2-2: Foul Ball, location: 2F
2-2: Ball
3-2: Strikes out swinging
Top of the 3rd over - 0 runs, 1 hit, 0 errors, 3 left on base; Reno 1 - El Paso 0
BOTTOM OF THE 3RD
El Paso Chihuahuas batting - Pitching for Reno Aces : RHP Jeff Whaley
Batting: LHB Carlos Cuellar 0-0: Ball
1-0: Called Strike
1-1: Ball
2-1: Foul Ball, location: 2F
2-2: Reached on error, E1 (Groundball, 15S, EV 72.5 MPH)
Batting: LHB Hugo MacBeth 0-0: Ball
1-0: Ball
2-0: Ground out 5-3 (Groundball, 56, EV 102.5 MPH)
Batting: RHB Brian DeVoe 0-0: Swinging Strike
0-1: Ball
1-1: Foul Ball, location: 2F
1-2: Foul Ball, location: 2F
1-2: Ground out 4-3 (Groundball, 4, EV 88.1 MPH)
Carlos Cuellar to third
Batting: LHB Angel Mejia 0-0: Ball
1-0: Ball
2-0: Reached on error, E4 (Groundball, 4, EV 88.8 MPH)
Carlos Cuellar scores
Batting: LHB Anthony Mosley 0-0: Ball
1-0: Called Strike
1-1: Ball
2-1: Swinging Strike
2-2: SINGLE (Line Drive, 5D, EV 95.6 MPH)
Angel Mejia to second
Batting: RHB Eric Sandell 0-0: Ball
1-0: Called Strike
1-1: Ball
2-1: Ball
3-1: Base on Balls
Angel Mejia to third
Anthony Mosley to second
Batting: SHB Adam Martin 0-0: Ground out U3 (Groundball, 3, EV 89.4 MPH)
Bottom of the 3rd over - 1 run, 1 hit, 2 errors, 3 left on base; Reno 1 - El Paso 1
TOP OF THE 4TH
Reno Aces batting - Pitching for El Paso Chihuahuas : RHP Jorge Guerrero
Batting: LHB Kevin Ferguson 0-0: SINGLE (Flyball, 7LS, EV 84.4 MPH)
Batting: RHB Dustin Clark 0-0: Called Strike
0-1: Fly out, F7 (Flyball, 7, EV 94.4 MPH)
Batting: RHB Danny Gerardo 0-0: Ball
1-0: Fielders Choice at 2nd, 6-4 (Groundball, 56, EV 93.1 MPH)
Batting: RHB Justin Aslinger 0-0: Called Strike
Danny Gerardo steals 2nd base
0-1: Ball
1-1: Ball
2-1: Called Strike
2-2: Foul Ball, location: 2F
2-2: Strikes out looking
Top of the 4th over - 0 runs, 1 hit, 0 errors, 1 left on base; Reno 1 - El Paso 1
BOTTOM OF THE 4TH
El Paso Chihuahuas batting - Pitching for Reno Aces : RHP Jeff Whaley
Batting: RHB Chase Briney 0-0: Ball
1-0: Ball
2-0: Called Strike
2-1: Fly out, F8 (Flyball, 78D, EV 102.5 MPH)
Batting: RHB Andy Sheridan 0-0: Swinging Strike
0-1: Foul Ball, location: 2F
0-2: Fly out, F8 (Flyball, 78XD, EV 100.6 MPH)
Batting: LHB Carlos Cuellar 0-0: Ball
1-0: Ball
2-0: Ball
3-0: Base on Balls
Batting: LHB Hugo MacBeth 0-0: Called Strike
0-1: Swinging Strike
0-2: Strikes out swinging
Bottom of the 4th over - 0 runs, 0 hits, 0 errors, 1 left on base; Reno 1 - El Paso 1
TOP OF THE 5TH
Reno Aces batting - Pitching for El Paso Chihuahuas : RHP Jorge Guerrero
Batting: SHB Carlos Rodriguez 0-0: Called Strike
0-1: Ball
1-1: Foul Ball, location: 2F
1-2: Foul Ball, location: 2F
1-2: Foul Ball, location: 2F
1-2: Strikes out swinging
Batting: LHB Ian Jarvis 0-0: Ball
1-0: Ball
2-0: Foul Ball, location: 2F
2-1: Foul Ball, location: 2F
2-2: Foul Ball, location: 2F
2-2: Foul Ball, location: 2F
2-2: Ball
3-2: Base on Balls
Batting: LHB Rich Butler 0-0: Ball
1-0: Grounds into double play, 5-4-3 (Groundball, 56, EV 108.1 MPH)
Top of the 5th over - 0 runs, 0 hits, 0 errors, 0 left on base; Reno 1 - El Paso 1
BOTTOM OF THE 5TH
El Paso Chihuahuas batting - Pitching for Reno Aces : RHP Jeff Whaley
Batting: RHB Brian DeVoe 0-0: Called Strike
0-1: Fly out, F5 (Line Drive, 5L, EV 80.0 MPH)
Batting: LHB Angel Mejia 0-0: Foul Ball, location: 2F
0-1: Swinging Strike
0-2: Ball
1-2: Strikes out looking
Batting: LHB Anthony Mosley 0-0: Ball
1-0: Ball
2-0: Ball
3-0: Called Strike
3-1: Foul Ball, location: 2F
3-2: Foul Ball, location: 2F
3-2: Foul Ball, location: 2F
3-2: Foul Ball, location: 2F
3-2: Fly out, F8 (Flyball, 8LD, EV 100.0 MPH)
Bottom of the 5th over - 0 runs, 0 hits, 0 errors, 0 left on base; Reno 1 - El Paso 1
TOP OF THE 6TH
Reno Aces batting - Pitching for El Paso Chihuahuas : RHP Jorge Guerrero
Batting: RHB Enrique Juarez 0-0: Hit by Pitch
Batting: LHB Steve Reinhart 0-0: Called Strike
0-1: Ball
1-1: Called Strike
1-2: Foul Ball, location: 2F
1-2: Ball
2-2: TRIPLE (Flyball, 78XD, EV 89.4 MPH)
Enrique Juarez scores
Batting: LHB Kevin Ferguson 0-0: Foul Ball, location: 2F
0-1: Ball
1-1: DOUBLE (Flyball, 89XD, EV 105.6 MPH)
Steve Reinhart scores
Pinch Runner at 2nd Jesus Galvan:
Batting: RHB Dustin Clark 0-0: Ball
1-0: Called Strike
1-1: Foul Ball, location: 2F
1-2: Ball
2-2: SINGLE (Groundball, 4S, EV 70.0 MPH) (infield hit)
Jesus Galvan to third
Batting: RHB Danny Gerardo 0-0: Called Strike
Dustin Clark is caught stealing 2nd base 2-4
0-1: Ground out 5-3 (Groundball, 56, EV 95.6 MPH)
Jesus Galvan scores
Batting: RHB Justin Aslinger 0-0: Ball
1-0: Called Strike
1-1: Ball
2-1: Swinging Strike
2-2: Ball
3-2: Ground out 4-3 (Groundball, 4, EV 84.4 MPH)
Top of the 6th over - 3 runs, 3 hits, 0 errors, 0 left on base; Reno 4 - El Paso 1
BOTTOM OF THE 6TH
El Paso Chihuahuas batting - Pitching for Reno Aces : RHP Jeff Whaley
Now in RF: Dan Boylan
Batting: RHB Eric Sandell 0-0: Called Strike
0-1: Ball
1-1: Swinging Strike
1-2: Strikes out looking
Batting: SHB Adam Martin 0-0: Ball
1-0: Ground out 1-3 (Groundball, 25, EV 66.9 MPH)
Batting: RHB Chase Briney 0-0: Called Strike
0-1: DOUBLE (Line Drive, 7LM, EV 105.6 MPH)
Batting: RHB Andy Sheridan 0-0: Swinging Strike
0-1: Called Strike
0-2: Ball
1-2: SINGLE (Groundball, 4D, EV 107.5 MPH)
Chase Briney to third
Runner from 3rd tries for Home, SAFE, throw by CF to home
Pitching: LHP Justin Dine
Pinch Hitting: RHB Roberto Lemus 0-0: Foul Ball, location: 2F
0-1: Ball
1-1: Foul Ball, location: 2F
1-2: Foul Ball, location: 2F
1-2: Ball
2-2: Ground out 4-3 (Groundball, 4, EV 111.2 MPH)
Bottom of the 6th over - 1 run, 2 hits, 0 errors, 1 left on base; Reno 4 - El Paso 2
TOP OF THE 7TH
Reno Aces batting - Pitching for El Paso Chihuahuas : RHP Jorge Guerrero
Now in LF: Anthony Mosley
Now in RF: Roberto Lemus
Batting: SHB Carlos Rodriguez 0-0: Called Strike
0-1: Ball
1-1: Foul Ball, location: 2F
1-2: Ground out 6-3 (Groundball, 4M, EV 105.0 MPH)
Pitching: LHP Darby Jones
Batting: LHB Ian Jarvis 0-0: Called Strike
0-1: Ball
1-1: Called Strike
1-2: Ball
2-2: Ball
3-2: Base on Balls
Batting: LHB Rich Butler 0-0: Swinging Strike
0-1: Ball
1-1: Foul Ball, location: 2F
1-2: Foul Ball, location: 2F
1-2: Strikes out looking
Pitching: LHP Jeff Troxel
Batting: RHB Enrique Juarez 0-0: Ball
1-0: Ball
2-0: Called Strike
2-1: Foul Ball, location: 2F
2-2: Ball
3-2: Ground out 4-3 (Groundball, 4MS, EV 79.4 MPH)
Top of the 7th over - 0 runs, 0 hits, 0 errors, 1 left on base; Reno 4 - El Paso 2
BOTTOM OF THE 7TH
El Paso Chihuahuas batting - Pitching for Reno Aces : LHP Justin Dine
Now at 2B: Jonathan Lugo
Now at 3B: Steve Reinhart
Now in LF: Roberto Rodriguez
Batting: LHB Hugo MacBeth 0-0: Foul Ball, location: 2F
0-1: Foul Ball, location: 2F
0-2: Ball
1-2: Ball
2-2: DOUBLE (Line Drive, 8RXD, EV 104.4 MPH)
Pinch Hitting: SHB Blake Abbott 0-0: Called Strike
0-1: Ball
1-1: Ball
2-1: Called Strike
2-2: Fly out, F7 (Flyball, 7S, EV 84.4 MPH)
Pinch Hitting: RHB Ryan Tatum 0-0: Ball
1-0: Ball
2-0: Called Strike
2-1: Called Strike
2-2: Foul Ball, location: 2F
2-2: Strikes out looking
Pinch Hitting: RHB Matt Fabre 0-0: Ball
1-0: Ground out 6-3 (Groundball, 56D, EV 101.2 MPH)
Bottom of the 7th over - 0 runs, 1 hit, 0 errors, 1 left on base; Reno 4 - El Paso 2
TOP OF THE 8TH
Reno Aces batting - Pitching for El Paso Chihuahuas : LHP Jeff Troxel
Now at 2B: Matt Fabre
Now at SS: Kiril Emeshin
Now in LF: Blake Abbott
Batting: LHB Steve Reinhart 0-0: Ball
1-0: Ball
2-0: Called Strike
2-1: Ball
3-1: Base on Balls
Batting: RHB Dan Boylan 0-0: Bunt missed!
0-1: Bunt missed!
0-2: Foul Ball, location: 2F
0-2: Grounds into double play, 6-4-3 (Groundball, 56D, EV 85.6 MPH)
Batting: RHB Roberto Rodriguez 0-0: Ball
1-0: Foul Ball, location: 2F
1-1: Foul Ball, location: 2F
1-2: Ball
2-2: Foul Ball, location: 2F
2-2: SINGLE (Groundball, 6MS, EV 68.1 MPH) (infield hit)
Batting: RHB Danny Gerardo 0-0: SINGLE (Groundball, 13, EV 69.4 MPH) (infield hit)
Roberto Rodriguez to second
Batting: RHB Justin Aslinger 0-0: Called Strike
0-1: Called Strike
0-2: Ball
1-2: Ground out 3-1 (Groundball, 34S, EV 90.6 MPH)
Top of the 8th over - 0 runs, 2 hits, 0 errors, 2 left on base; Reno 4 - El Paso 2
BOTTOM OF THE 8TH
El Paso Chihuahuas batting - Pitching for Reno Aces : LHP Justin Dine
Pitching: RHP Jose Fernandez
Batting: RHB Eric Sandell 0-0: Called Strike
0-1: Foul Ball, location: 2F
0-2: Ball
1-2: Ball
2-2: Ball
3-2: Foul Ball, location: 2F
3-2: Foul Ball, location: 2F
3-2: Fly out, F7 (Flyball, 7D, EV 78.8 MPH)
Batting: SHB Adam Martin 0-0: Ball
1-0: Foul Ball, location: 2F
1-1: Ball
2-1: Foul Ball, location: 2F
2-2: Foul Ball, location: 2F
2-2: Ball
3-2: Base on Balls
Batting: RHB Chase Briney 0-0: Foul Ball, location: 2F
0-1: Grounds into double play, 1-4-3 (Groundball, 15, EV 70.0 MPH)
Bottom of the 8th over - 0 runs, 0 hits, 0 errors, 0 left on base; Reno 4 - El Paso 2
TOP OF THE 9TH
Reno Aces batting - Pitching for El Paso Chihuahuas : LHP Jeff Troxel
Batting: SHB Carlos Rodriguez 0-0: Called Strike
0-1: Foul Ball, location: 2F
0-2: Foul Ball, location: 2F
0-2: Ball
1-2: SINGLE (Groundball, 6, EV 96.2 MPH)
Batting: LHB Ian Jarvis 0-0: Bunted foul
0-1: Ball
1-1: Ball
2-1: Bunt missed!
2-2: Foul Ball, location: 2F
2-2: Foul Ball, location: 2F
2-2: Ball
3-2: Fly out, F8 (Flyball, 8LM, EV 90.0 MPH)
Batting: LHB Rich Butler 0-0: Ball
1-0: Grounds into double play, 4-6-3 (Groundball, 4, EV 78.8 MPH)
Top of the 9th over - 0 runs, 1 hit, 0 errors, 0 left on base; Reno 4 - El Paso 2
BOTTOM OF THE 9TH
El Paso Chihuahuas batting - Pitching for Reno Aces : RHP Jose Fernandez
Pitching: LHP Afanasy Apatenko
Batting: RHB Andy Sheridan 0-0: Ball
1-0: Ball
2-0: Called Strike
2-1: Fly out, F8 (Flyball, 78M, EV 96.9 MPH)
Batting: RHB Roberto Lemus 0-0: Ball
1-0: Ground out 5-3 (Groundball, 5S, EV 66.2 MPH)
Pinch Hitting: RHB Rodolfo Rivera 0-0: Called Strike
0-1: Ball
1-1: Swinging Strike
1-2: Strikes out swinging
Bottom of the 9th over - 0 runs, 0 hits, 0 errors, 0 left on base; Reno 4 - El Paso 2
Tuesday, March 28th , 2023 - OOTP Baseball 23.10 Build 110